cohdb
Replays
Latest Replays
All Replays
Popular Replays
Top Player Replays
Match Explorer
How It Works
Community
CoH3 Stats
Reddit
Sign in to upload your games and track your stats! →
Sign in with Steam
Match 41535262
Unlisted
Match 41535262
Overview
Messages
Build Orders
End
Panzergrenadier Squad
250 Light Carrier
Panzergrenadier Squad
Construct Light Support Kompanie
Panzerjäger Squad
2.5-tonne Medical Truck
Selects Panzerjäger Kommand Battlegroup
Selects Tank Busters
Selects Mine Fields
Panzerjäger Mechanized Group
Selects Defensive Positions
Fire Support Elements
Flakvierling Half-track
Panzergrenadier Squad
Vehicle Survival Package
Construct Panzerarmee Kommand
Selects Butterfly Bomb Drop
Koala
BaBaBuLuBaBear
Nashorn101
Dremer3000
Brötchen
Enceladus
0
0
Comments
sign in to comment!
No comments posted yet!